SR
ELLESMERE ISLAND SNOWPEOPLE @ STATEN ISLAND PIZZA RATS
08/23/2033
 
TOP OF THE 1ST
Ellesmere Island Snowpeople batting - Pitching for Staten Island Pizza Rats : RHP Roque Moreco
Pitching: RHP Roque Moreco
Batting: RHB Magtanggol Florencio 0-0: Ball
1-0: Foul Ball, location: 2F
1-1: Swinging Strike
1-2: Hit by Pitch
Batting: RHB Ryung Jae-Wook 0-0: Called Strike
0-1: Swinging Strike
0-2: Foul Ball, location: 2F
0-2: Ball
1-2: Strikes out swinging
Batting: RHB Héctor Rivera 0-0: SINGLE (Flyball, 8LS)
Magtanggol Florencio to second
Batting: LHB Basava Puri 0-0: Ball
1-0: Called Strike
1-1: Reached on error, E6 (Groundball, 6)
Magtanggol Florencio to third
Héctor Rivera to second
Batting: RHB Riemer Kila 0-0: Ball
1-0: Foul Ball, location: 2F
1-1: Swinging Strike
1-2: Strikes out swinging
Batting: RHB Teok-kyu Pak 0-0: Foul Ball, location: 2F
0-1: Ball
1-1: Called Strike
1-2: Strikes out swinging
Top of the 1st over - 0 runs, 1 hit, 1 error, 3 left on base; Ellesmere Island 0 - Staten Island 0
BOTTOM OF THE 1ST
Staten Island Pizza Rats batting - Pitching for Ellesmere Island Snowpeople : LHP Jong-yong Ha
Pitching: LHP Jong-yong Ha
Batting: LHB Wilson Sabadodíaz 0-0: Ball
1-0: Ball
2-0: Called Strike
2-1: Foul Ball, location: 2F
2-2: Foul Ball, location: 2F
2-2: Fly out, F8 (Flyball, 78S)
Batting: SHB Chris Piña 0-0: Foul Ball, location: 2F
0-1: Ball
1-1: Foul Ball, location: 2F
1-2: Ball
2-2: Ground out U3 (Groundball, 3L)
Batting: RHB Jesús Corona 0-0: Ball
1-0: Ball
2-0: Called Strike
2-1: Ground out 6-3 (Groundball, 6)
Bottom of the 1st over - 0 runs, 0 hits, 0 errors, 0 left on base; Ellesmere Island 0 - Staten Island 0
TOP OF THE 2ND
Ellesmere Island Snowpeople batting - Pitching for Staten Island Pizza Rats : RHP Roque Moreco
Batting: SHB Danny Bird 0-0: Fly out, F5 (Popup, 25)
Batting: SHB Armond Buonaiuti 0-0: Ball
1-0: Swinging Strike
1-1: Ball
2-1: Swinging Strike
2-2: Foul Ball, location: 2F
2-2: Ball
3-2: Base on Balls
Batting: RHB César Rivera 0-0: Ball
1-0: Called Strike
1-1: Foul Ball, location: 2F
1-2: Foul Ball, location: 2F
1-2: Ball
2-2: Strikes out swinging
Batting: RHB Magtanggol Florencio 0-0: Called Strike
0-1: SINGLE (Line Drive, 6MD)
Armond Buonaiuti to second
Batting: RHB Ryung Jae-Wook 0-0: Called Strike
0-1: Ground out 4-3 (Groundball, 4)
Top of the 2nd over - 0 runs, 1 hit, 0 errors, 2 left on base; Ellesmere Island 0 - Staten Island 0
BOTTOM OF THE 2ND
Staten Island Pizza Rats batting - Pitching for Ellesmere Island Snowpeople : LHP Jong-yong Ha
Batting: LHB Luis Aguilar 0-0: Called Strike
0-1: Foul Ball, location: 2F
0-2: Ball
1-2: Ball
2-2: Foul Ball, location: 2F
2-2: SINGLE (Flyball, 7LM)
Batting: LHB Don Mosley 0-0: Foul Ball, location: 2F
0-1: Ball
1-1: Ball
2-1: Foul Ball, location: 2F
2-2: Strikes out looking
Batting: RHB Doug Becker 0-0: Ground out 6-3 (Groundball, 6S)
Luis Aguilar to second
Batting: RHB Tadao Tsukamoto 0-0: Ball
1-0: Swinging Strike
1-1: Fly out, F3 (Line Drive, 3)
Bottom of the 2nd over - 0 runs, 1 hit, 0 errors, 1 left on base; Ellesmere Island 0 - Staten Island 0
TOP OF THE 3RD
Ellesmere Island Snowpeople batting - Pitching for Staten Island Pizza Rats : RHP Roque Moreco
Batting: RHB Héctor Rivera 0-0: Called Strike
0-1: SINGLE (Line Drive, 7LM)
Batting: LHB Basava Puri 0-0: Ball
1-0: Called Strike
1-1: Ball
2-1: DOUBLE (Flyball, 78XD)
Héctor Rivera to third
Runner from 3rd tries for Home, SAFE, no throw
Batting: RHB Riemer Kila 0-0: Ball
1-0: Foul Ball, location: 2F
1-1: Ball
2-1: Ground out 6-3 (Groundball, 6M)
Basava Puri to third
Batting: RHB Teok-kyu Pak 0-0: Ball
1-0: SINGLE (Groundball, 56S) (infield hit)
Basava Puri scores
Batting: SHB Danny Bird 0-0: Ground out U3 (Groundball, 3)
Teok-kyu Pak to second
Batting: SHB Armond Buonaiuti 0-0: Ball
1-0: Foul Ball, location: 2F
1-1: Foul Ball, location: 2F
1-2: 2-RUN HOME RUN (Flyball, 9LD), Distance : 364 ft
Batting: RHB César Rivera 0-0: Ball
1-0: Called Strike
1-1: Called Strike
1-2: Ball
2-2: SINGLE (Flyball, 7LS)
Batting: RHB Magtanggol Florencio 0-0: Ball
1-0: Called Strike
1-1: Called Strike
1-2: Ball
2-2: Strikes out swinging
Top of the 3rd over - 4 runs, 5 hits, 0 errors, 1 left on base; Ellesmere Island 4 - Staten Island 0
BOTTOM OF THE 3RD
Staten Island Pizza Rats batting - Pitching for Ellesmere Island Snowpeople : LHP Jong-yong Ha
Batting: LHB Ismael Soto 0-0: Ball
1-0: Called Strike
1-1: Swinging Strike
1-2: Ground out 4-3 (Groundball, 4)
Batting: RHB Millard Murphy 0-0: Swinging Strike
0-1: Ball
1-1: Fly out, F8 (Flyball, 8RS)
Batting: LHB Wilson Sabadodíaz 0-0: Ball
1-0: Foul Ball, location: 2F
1-1: SINGLE (Groundball, 15S) (infield hit)
Batting: SHB Chris Piña 0-0: Ball
1-0: Fly out, F6 (Popup, 4MS)
Bottom of the 3rd over - 0 runs, 1 hit, 0 errors, 1 left on base; Ellesmere Island 4 - Staten Island 0
TOP OF THE 4TH
Ellesmere Island Snowpeople batting - Pitching for Staten Island Pizza Rats : RHP Roque Moreco
Batting: RHB Ryung Jae-Wook 0-0: Ball
1-0: Foul Ball, location: 2F
1-1: SOLO HOME RUN (Flyball, 7LD), Distance : 345 ft
Batting: RHB Héctor Rivera 0-0: Swinging Strike
0-1: Foul Ball, location: 2F
0-2: SINGLE (Groundball, 4MS) (infield hit)
Batting: LHB Basava Puri 0-0: Foul Ball, location: 2F
0-1: Ball
1-1: SINGLE (Groundball, 6S) (infield hit)
Héctor Rivera to second
Batting: RHB Riemer Kila 0-0: Ball
1-0: Ball
2-0: Foul Ball, location: 2F
2-1: Reached via error on a dropped throw, E4
Héctor Rivera to third
Basava Puri to second
Batting: RHB Teok-kyu Pak 0-0: Ball
1-0: Foul Ball, location: 2F
1-1: Swinging Strike
1-2: Strikes out swinging
Batting: SHB Danny Bird 0-0: Foul Ball, location: 2F
0-1: Swinging Strike
0-2: Strikes out swinging
Batting: SHB Armond Buonaiuti 0-0: SINGLE (Groundball, 3L) (infield hit)
Héctor Rivera scores
Basava Puri to third
Riemer Kila to second
Batting: RHB César Rivera 0-0: Called Strike
0-1: Fly out, F9 (Flyball, 9LS)
Top of the 4th over - 2 runs, 4 hits, 1 error, 3 left on base; Ellesmere Island 6 - Staten Island 0
BOTTOM OF THE 4TH
Staten Island Pizza Rats batting - Pitching for Ellesmere Island Snowpeople : LHP Jong-yong Ha
Batting: RHB Jesús Corona 0-0: Ball
1-0: Ball
2-0: SINGLE (Groundball, 56S) (infield hit)
Batting: LHB Luis Aguilar 0-0: Called Strike
0-1: Called Strike
0-2: Foul Ball, location: 2F
0-2: Ball
1-2: Strikes out looking
Batting: LHB Don Mosley 0-0: Foul Ball, location: 2F
0-1: Ball
1-1: Foul Ball, location: 2F
1-2: Ball
2-2: Foul Ball, location: 2F
2-2: Ball
3-2: Fly out, F9 (Flyball, 9S)
Batting: RHB Doug Becker 0-0: Ball
1-0: Ball
Wild Pitch!
Jesús Corona to second
2-0: Ball
3-0: Base on Balls
Batting: RHB Tadao Tsukamoto 0-0: Called Strike
0-1: Ball
1-1: Foul Ball, location: 2F
1-2: Fielders Choice at 2nd, 5-4 (Groundball, 56)
Bottom of the 4th over - 0 runs, 1 hit, 0 errors, 2 left on base; Ellesmere Island 6 - Staten Island 0
TOP OF THE 5TH
Ellesmere Island Snowpeople batting - Pitching for Staten Island Pizza Rats : RHP Roque Moreco
Batting: RHB Magtanggol Florencio 0-0: Ball
1-0: Called Strike
1-1: Ground out U3 (Groundball, 34)
Batting: RHB Ryung Jae-Wook 0-0: Ball
1-0: Reached on error, E4 (Groundball, 4)
Batting: RHB Héctor Rivera 0-0: SINGLE (Line Drive, 8RM)
Ryung Jae-Wook to second
Batting: LHB Basava Puri 0-0: Called Strike
0-1: Ball
1-1: Foul Ball, location: 2F
1-2: Foul Ball, location: 2F
1-2: SINGLE (Line Drive, 89S)
Ryung Jae-Wook to third
Héctor Rivera to second
Runner from 3rd tries for Home, SAFE, no throw
Batting: RHB Riemer Kila 0-0: Ball
1-0: Ball
2-0: Ball
3-0: Base on Balls
Héctor Rivera to third
Basava Puri to second
Batting: RHB Teok-kyu Pak 0-0: Ball
1-0: Ball
2-0: Foul Ball, location: 2F
2-1: Ball
3-1: Base on Balls
Héctor Rivera scores
Basava Puri to third
Riemer Kila to second
Pitching: LHP Julius Spry
Batting: SHB Danny Bird 0-0: Ball
1-0: Foul Ball, location: 2F
1-1: Swinging Strike
1-2: SINGLE (Groundball, 56D)
Basava Puri scores
Riemer Kila to third
Teok-kyu Pak to second
Runner from 3rd tries for Home, SAFE, no throw
Batting: SHB Armond Buonaiuti 0-0: Foul Ball, location: 2F
0-1: Fly out, F7 (Line Drive, 7)
Batting: RHB César Rivera 0-0: Ball
1-0: Fly out, F6 (Popup, 6MD)
Top of the 5th over - 4 runs, 3 hits, 1 error, 2 left on base; Ellesmere Island 10 - Staten Island 0
BOTTOM OF THE 5TH
Staten Island Pizza Rats batting - Pitching for Ellesmere Island Snowpeople : LHP Jong-yong Ha
Batting: LHB Ismael Soto 0-0: SOLO HOME RUN (Flyball, 9D), Distance : 388 ft
Batting: RHB Millard Murphy 0-0: Called Strike
0-1: Foul Ball, location: 2F
0-2: Strikes out swinging
Batting: LHB Wilson Sabadodíaz 0-0: Swinging Strike
0-1: Swinging Strike
0-2: Strikes out looking
Batting: SHB Chris Piña 0-0: Ball
1-0: Fly out, F8 (Flyball, 8RS)
Bottom of the 5th over - 1 run, 1 hit, 0 errors, 0 left on base; Ellesmere Island 10 - Staten Island 1
TOP OF THE 6TH
Ellesmere Island Snowpeople batting - Pitching for Staten Island Pizza Rats : LHP Julius Spry
Batting: RHB Magtanggol Florencio 0-0: Called Strike
0-1: Ground out 6-3 (Groundball, 6M)
Batting: RHB Ryung Jae-Wook 0-0: Ball
1-0: Called Strike
1-1: Ball
2-1: Swinging Strike
2-2: Fly out, F8 (Flyball, 8RD)
Batting: RHB Héctor Rivera 0-0: Called Strike
0-1: Ball
1-1: Foul Ball, location: 2F
1-2: Strikes out looking
Top of the 6th over - 0 runs, 0 hits, 0 errors, 0 left on base; Ellesmere Island 10 - Staten Island 1
BOTTOM OF THE 6TH
Staten Island Pizza Rats batting - Pitching for Ellesmere Island Snowpeople : LHP Jong-yong Ha
Batting: RHB Jesús Corona 0-0: Ball
1-0: Called Strike
1-1: Ball
2-1: Ground out 6-3 (Groundball, 6)
Batting: LHB Luis Aguilar 0-0: Ball
1-0: Ball
2-0: Foul Ball, location: 2F
2-1: Fly out, F7 (Flyball, 78XD)
Batting: LHB Don Mosley 0-0: Ball
1-0: Ball
2-0: Called Strike
2-1: Swinging Strike
2-2: Reached on error, E4 (Groundball, 4)
Pitching: RHP Hyun-koo Somun
Batting: RHB Doug Becker 0-0: Called Strike
0-1: Ball
1-1: Called Strike
1-2: Strikes out looking
Bottom of the 6th over - 0 runs, 0 hits, 1 error, 1 left on base; Ellesmere Island 10 - Staten Island 1
TOP OF THE 7TH
Ellesmere Island Snowpeople batting - Pitching for Staten Island Pizza Rats : LHP Julius Spry
Batting: LHB Basava Puri 0-0: Foul Ball, location: 2F
0-1: Foul Ball, location: 2F
0-2: Ball
1-2: Ball
2-2: Foul Ball, location: 2F
2-2: Ball
3-2: SINGLE (Line Drive, 89S)
Batting: RHB Riemer Kila 0-0: Ball
1-0: Grounds into double play, 5-4-3 (Groundball, 5)
Batting: RHB Teok-kyu Pak 0-0: Ball
1-0: Ball
2-0: Ball
3-0: Base on Balls
Batting: SHB Danny Bird 0-0: Swinging Strike
0-1: Foul Ball, location: 2F
Balk!
Teok-kyu Pak to second
0-2: Ball
1-2: Ball
2-2: Ground out 6-3 (Groundball, 6)
Top of the 7th over - 0 runs, 1 hit, 0 errors, 1 left on base; Ellesmere Island 10 - Staten Island 1
BOTTOM OF THE 7TH
Staten Island Pizza Rats batting - Pitching for Ellesmere Island Snowpeople : RHP Hyun-koo Somun
Batting: RHB Tadao Tsukamoto 0-0: Foul Ball, location: 2F
0-1: TRIPLE (Line Drive, 8LXD)
Batting: LHB Ismael Soto 0-0: Ball
1-0: Ball
2-0: Ball
3-0: Called Strike
3-1: Fly out, F9 (Flyball, 89M)
Runner from 3rd tags up, SCORES, no throw
Batting: RHB Millard Murphy 0-0: Ball
1-0: Called Strike
1-1: Called Strike
1-2: Ball
2-2: Ball
3-2: Strikes out swinging
Batting: LHB Wilson Sabadodíaz 0-0: Called Strike
0-1: Ball
1-1: Ball
2-1: Called Strike
2-2: Strikes out swinging
Bottom of the 7th over - 1 run, 1 hit, 0 errors, 0 left on base; Ellesmere Island 10 - Staten Island 2
TOP OF THE 8TH
Ellesmere Island Snowpeople batting - Pitching for Staten Island Pizza Rats : LHP Julius Spry
Batting: SHB Armond Buonaiuti 0-0: Called Strike
0-1: Ball
1-1: SINGLE (Line Drive, 9LS)
Batting: RHB César Rivera 0-0: Called Strike
Armond Buonaiuti is caught stealing 2nd base
0-1: Ball
1-1: Fly out, F8 (Flyball, 8LD)
Batting: RHB Magtanggol Florencio 0-0: Ground out 5-3 (Groundball, 56S)
Top of the 8th over - 0 runs, 1 hit, 0 errors, 0 left on base; Ellesmere Island 10 - Staten Island 2
BOTTOM OF THE 8TH
Staten Island Pizza Rats batting - Pitching for Ellesmere Island Snowpeople : RHP Hyun-koo Somun
Batting: SHB Chris Piña 0-0: Ball
1-0: Ball
2-0: Ball
3-0: Base on Balls
Batting: RHB Jesús Corona 0-0: Ball
1-0: Swinging Strike
1-1: Foul Ball, location: 2F
1-2: Ball
2-2: Strikes out swinging
Batting: LHB Luis Aguilar 0-0: Ball
1-0: Swinging Strike
1-1: Foul Ball, location: 2F
1-2: Ball
2-2: Foul Ball, location: 2F
2-2: Foul Ball, location: 2F
2-2: Ground out 5-3 (Groundball, 56S)
Chris Piña to second
Batting: LHB Don Mosley 0-0: Ball
1-0: Ball
2-0: Foul Ball, location: 2F
2-1: Fly out, F9 (Flyball, 9)
Bottom of the 8th over - 0 runs, 0 hits, 0 errors, 1 left on base; Ellesmere Island 10 - Staten Island 2
TOP OF THE 9TH
Ellesmere Island Snowpeople batting - Pitching for Staten Island Pizza Rats : LHP Julius Spry
Batting: RHB Ryung Jae-Wook 0-0: Hit by Pitch
Batting: RHB Héctor Rivera 0-0: Foul Ball, location: 2F
0-1: Ball
1-1: Swinging Strike
1-2: Ball
2-2: Ball
3-2: Base on Balls
Ryung Jae-Wook to second
Batting: LHB Basava Puri 0-0: Ball
1-0: Ball
2-0: Fly out, F7 (Flyball, 7S)
Batting: RHB Riemer Kila 0-0: Fielders Choice at 2nd, 1-6 (Groundball, P)
Ryung Jae-Wook to third
Batting: RHB Teok-kyu Pak 0-0: Ball
1-0: Called Strike
1-1: Fielders Choice at 2nd, 6-4 (Groundball, 6)
Top of the 9th over - 0 runs, 0 hits, 0 errors, 2 left on base; Ellesmere Island 10 - Staten Island 2
BOTTOM OF THE 9TH
Staten Island Pizza Rats batting - Pitching for Ellesmere Island Snowpeople : RHP Hyun-koo Somun
Batting: RHB Doug Becker 0-0: Ball
1-0: Swinging Strike
1-1: Hit by Pitch
Batting: RHB Tadao Tsukamoto 0-0: Foul Ball, location: 2F
0-1: Called Strike
0-2: Strikes out swinging
Batting: LHB Ismael Soto 0-0: Ball
1-0: Ball
2-0: Grounds into double play, 6-4-3 (Groundball, 6)
Bottom of the 9th over - 0 runs, 0 hits, 0 errors, 0 left on base; Ellesmere Island 10 - Staten Island 2
Saturday, December 22nd, 2018 - OOTP Baseball 18.8 Build 76